 Dungeon Crawl Stone Soup version 0.19-a0-1223-gf83d13a (webtiles) character file.

433 PurpleRed the Conjurer (level 6, -2/32 HPs)
             Began as a Deep Elf Conjurer on Aug 24, 2016.
             Shot with an arrow by a centaur (8 damage)
             ... on level 7 of the Dungeon.
             The game lasted 00:13:41 (1311 turns).

PurpleRed the Conjurer (Deep Elf Conjurer)          Turns: 1311, Time: 00:13:42

Health: -2/32      AC:  2    Str:  5    XL:     6   Next: 67%
Magic:  9/16       EV: 13    Int: 26    God:
Gold:   162        SH:  0    Dex: 15    Spells: 4 memorised, 4 levels left

rFire  . . .     SeeInvis .     j - +0 long sword
rCold  . . .     Gourm    .     a - +0 robe
rNeg   . . .     Faith    .     (no shield)
rPois  .         Spirit   .     (no helmet)
rElec  .         Dismiss  .     (no cloak)
rCorr  .         Reflect  .     (no gloves)
MR     .....     Harm     .     (no boots)
Stlth  ++........               (no amulet)
                                (no ring)
                                h - +4 ring of intelligence

@: no status effects
A: no striking features
a: no special abilities


You were on level 7 of the Dungeon.
You were not hungry.

You visited 1 branch of the dungeon, and saw 9 of its levels.

You collected 162 gold pieces.

Inventory:

Hand Weapons
 d - a +0 dagger
 j - a +0 long sword (weapon)
Missiles
 m - 7 javelins of penetration (quivered)
 o - a throwing net
Armour
 a - a +0 robe (worn)
Jewellery
 h - a +4 ring of intelligence (left hand)
Scrolls
 e - a scroll of recharging
Potions
 i - a potion of haste {unknown}
 l - a potion of invisibility {unknown}
Books
 b - a book of Conjurations

   Spells                             Type                      Level
   a - Magic Dart                     Conjuration                  1
   b - Searing Ray                    Conjuration                  2
   c - Dazzling Spray                 Conjuration/Hexes            3
   d - Fulminant Prism                Conjuration/Hexes            4
   e - Iskenderun's Mystic Blast      Conjuration                  4
   f - Iskenderun's Battlesphere      Conjuration/Charms           5
Comestibles
 c - 4 bread rations
 f - a slice of pizza
 g - a meat ration
 k - 3 chunks of flesh


   Skills:
 - Level 2.4 Dodging
 - Level 2.4 Stealth
 + Level 5.9 Spellcasting
 * Level 7.3 Conjurations
 + Level 2.8 Charms


You had 4 spell levels left.
You knew the following spells:

 Your Spells              Type           Power        Failure   Level  Hunger
a - Magic Dart            Conj           ####         1%          1    None
b - Searing Ray           Conj           #####.       1%          2    None
c - Iskenderun's Mystic   Conj           #####...     4%          4    ###....
d - Iskenderun's Battles  Conj/Chrm      ####....     24%         5    #####..


Dungeon Overview and Level Annotations

Branches:
Dungeon (9/15)
 Temple: D:4-7         Lair: D:8-11         Orc: D:9-12

Altars:

Annotations:
D:4 PurpleRed's ghost, weakling DECj


Message History

Your battlesphere fires!
The barrage of energy hits the centaur.
The centaur is lightly wounded.
Casting: Magic Dart
Confirm with . or Enter, or press ? or * to list all spells.
Aiming: Magic Dart
Press: ? - help, Shift-Dir - straight line, f/p - centaur
Aim: a centaur, wielding a shortbow of freezing (lightly wounded)
The magic dart hits the centaur.
The centaur is moderately wounded.
Your battlesphere fires!
The barrage of energy hits the centaur.
The centaur is heavily wounded.
The centaur shoots an arrow.
The arrow hits your battlesphere!
Your battlesphere is destroyed!
The centaur shoots an arrow.
The arrow hits you!
Ouch! That really hurt!
* * * LOW HITPOINT WARNING * * *
The arrow freezes you!
You die...

#...#.....#
#...#.....#
#'####....#
#...##....#
#...#.....#
#...# #...#
#...# #.@.#
#....ยง.....
#...##..c##
#...# ###
#.... #....#
#....#
#....+


You could see a centaur.

Vanquished Creatures
  3 crimson imps
  A giant frog skeleton (D:9)
  2 hounds (D:5)
  2 jellies (D:5)
  An orc priest (D:6)
  An iguana (D:5)
  A worker ant (D:6)
  An adder (D:6)
  3 gnolls (D:6)
  An ooze (D:2)
  3 giant geckos
  7 orcs
  3 giant cockroaches
  5 goblins
  6 hobgoblins
  4 jackals
  2 quokkas
  4 giant newts
  5 kobolds
  A quokka skeleton (D:4)
  3 rats (D:1)
59 creatures vanquished.

Notes
Turn   | Place    | Note
-------+----------+-------------------------------------------
     0 | D:1      | PurpleRed the Deep Elf Conjurer began the quest for the Orb.
     0 | D:1      | Reached XP level 1. HP: 10/10 MP: 6/6
    55 | D:1      | Reached XP level 2. HP: 5/15 MP: 0/8
   225 | D:2      | Reached skill level 5 in Conjurations
   247 | D:2      | Reached XP level 3. HP: 14/19 MP: 0/10
   377 | D:5      | Entered Level 5 of the Dungeon
   394 | D:5      | Learned a level 2 spell: Searing Ray
   445 | D:6      | Noticed an orc warrior
   486 | D:5      | Reached XP level 4. HP: 24/24 MP: 8/12
   499 | D:5      | Learned a level 4 spell: Iskenderun's Mystic Blast
   512 | D:5      | Reached skill level 6 in Conjurations
   581 | D:6      | Reached XP level 5. HP: 28/28 MP: 4/14
   593 | D:6      | You fall through a shaft for 3 floors!
   597 | D:9      | Noticed an ogre
   611 | D:9      | Learned a level 5 spell: Iskenderun's Battlesphere
   621 | D:9      | Reached skill level 5 in Spellcasting
   666 | D:9      | Noticed an orc warrior
   668 | D:9      | Noticed a sky beast
   670 | D:9      | Noticed an ogre
   728 | D:7      | Reached skill level 1 in Charms
   884 | D:5      | Reached XP level 6. HP: 29/32 MP: 4/16
  1012 | D:5      | Reached skill level 7 in Conjurations
  1063 | D:4      | Noticed PurpleRed's ghost (weakling DECj)
  1311 | D:7      | Shot with an arrow by a centaur

Vault maps used:
D:1:      minmay_arrival_split_and_join, hangedman_feature_mirror
D:2:      nicolae_overflow_hidden_temple, grunt_decor_one_mirror,
          minmay_misc_feat_iff
D:3:      lemuel_crystal_altar
D:4:      kennysheep_big_flooded_room, elyvilon_altar_3, first_bread,
          hangedman_abyss_or_decor_stabs
D:5:      kennysheep_small_circle
D:6:      old_standard_altar, serial_curves, eino_curves_01, eino_curves_02,
          uniq_pikel
D:7:      kennysheep_spiral_hall
D:8:      kennysheep_little_box
D:9:      lemuel_crystal_altar

Skill      XL: |  1  2  3  4  5  6 |
---------------+-------------------+-----
Conjurations   | 5 6 7 |  7.3
Spellcasting   | 4 5 |  5.9
Charms         | 2 |  2.8
Dodging        | |  2.4
Stealth        | |  2.4

Action                   |  1- 3 |  4- 6 || total
-------------------------+-------+-------++-------
Melee: Dagger            |    13 |    15 ||    28
       Long sword        |       |     2 ||     2
 Cast: Magic Dart        |    40 |    35 ||    75
       Searing Ray       |     1 |    12 ||    13
       Iskenderun's Batt |       |     3 ||     3
  Use: Scroll            |     6 |     5 ||    11
       Potion            |       |     1 ||     1
  Eat: Chunk             |       |     2 ||     2
Armor: Robe              |     5 |    11 ||    16
Dodge: Dodged            |    26 |    30 ||    56
